 Dungeon Crawl Stone Soup version 0.22-a0-348-gd16d139 (webtiles) character file.

458 grindst0ne the Charlatan (level 6, -4/58 HPs)
             Began as a Deep Dwarf Artificer on Apr 9, 2018.
             Killed from afar by Dowan (18 damage)
             ... with a stone arrow
             ... on level 4 of the Dungeon.
             The game lasted 00:06:50 (2970 turns).

grindst0ne the Charlatan (Deep Dwarf Artificer)     Turns: 2970, Time: 00:06:51

Health: -4/58      AC:  7    Str: 16    XL:     6   Next: 77%
Magic:  0/8        EV: 10    Int: 13    God:
Gold:   265        SH:  0    Dex: 13    Spells: 5/5 levels left

rFire    . . .     SeeInvis .   n - +0 mace (crush)
rCold    . . .     Gourm    .   (no shield)
rNeg     . . .     Faith    .   q - +1 scale mail
rPois    .         Spirit   +   (no helmet)
rElec    .         Reflect  .   (no cloak)
rCorr    .         Harm     .   (no gloves)
MR       .....                  (no boots)
Stlth    ..........             t - amulet of guardian spirit
HPRegen  0.00/turn              (no ring)
MPRegen  0.11/turn              (no ring)

@: non-regenerating
A: damage resistance, heal wounds, sense surroundings 1, no regeneration
a: Heal Wounds


You were on level 4 of the Dungeon.
You were hungry.

You visited 1 branch of the dungeon, and saw 4 of its levels.

You collected 265 gold pieces.

Inventory:

Hand Weapons
 a - a +0 short sword
 g - a +0 mace
 m - a +1 dagger of protection
 n - a +0 mace of crushing (weapon)
 o - a -1 spear
Armour
 h - a +0 ring mail
 q - a +1 scale mail (worn)
Jewellery
 t - an amulet of guardian spirit (around neck)
 u - an uncursed ring of ice
Wands
 c - a wand of flame (40)
 d - a wand of enslavement (21)
 e - a wand of random effects (12)
Scrolls
 b - a scroll of identify
 i - a scroll of immolation {unknown}
 j - 3 scrolls of teleportation
 l - a scroll of enchant weapon {unknown}
 p - a scroll of enchant armour
 v - 2 scrolls of remove curse
 w - a scroll of blinking {unknown}
 y - a scroll of fear {unknown}
Potions
 k - 2 potions of haste
 r - a potion of cancellation
 s - 3 potions of curing {unknown}
Comestibles
 f - 9 rations
 x - 7 chunks of flesh


   Skills:
 + Level 4.5 Fighting
 - Level 0.8 Short Blades
 - Level 2.1 Dodging
 - Level 1.2 Stealth
 + Level 7.7 Evocations


You had 5 spell levels left.
You didn't know any spells.

Dungeon Overview and Level Annotations

Branches:
Dungeon (4/15)
 Temple: D:4-7

Altars:
Qazlal

Shops:
D:4 (

Annotations:
D:4 Dowan


Innate Abilities, Weirdness & Mutations

You are resistant to damage.
You can heal yourself by infusing magical energy.
You passively map a small area around you.
You do not regenerate.


Message History

You closely miss something.
Something hits you but does no damage. x2
You thump something! Something hits you but does no damage. Something hits you.
Something hits you but does no damage.
You are feeling hungry.
You closely miss something.
Something hits you but does no damage. x2
You closely miss something. Something hits you. x2
Something hits you.
You hear some strange, mumbled words.
A stone arrow appears from out of thin air!
The stone arrow hits you!
You hear some strange, mumbled words.
A shard of ice appears from out of thin air!
The shard of ice hits you!
* * * LOW HITPOINT WARNING * * *
Something hits you but does no damage.
Something hits you but does no damage. x2
You hear some strange, mumbled words.
A stone arrow appears from out of thin air!
The stone arrow hits you!
You die...

########.# *, #.### ,* .........#
* #########.# ########.# *, ,
..........# , # #)# ########..# #
#####.## #..# # ##....).#
######..####
###.#.##).##########..........#
...###......)....##..............
....#.....######@##..####..##..##
####.#.#..# #.....[.......# ..#
..........# #.#.##..####.## ,.#
###.##.##.# #.#.##..# #..,,, . #
#.##.##.## #.#.##..# ..# *, ,
#.##.#...###.#<##..# * .. , *
#............#.##..#
##...#...#####.##... , ,
#.####.## #.###.# * *


There were no monsters in sight!

Vanquished Creatures
  Duvessa (D:4)
  An orc wizard (D:4)
  A hound (D:4)
  2 orc priests
  Jessica (D:2)
  Ijyb (D:3)
  Terence (D:2)
  A hound skeleton (D:4)
  5 adders
  A howler monkey skeleton (D:4)
  2 worms
  2 dart slugs (D:3)
  2 leopard geckos
  6 orcs
  2 ball pythons
  3 giant cockroaches
  12 goblins
  7 hobgoblins
  8 jackals
  9 bats
  3 frilled lizards
  A jackal zombie (D:2)
  7 kobolds
  9 rats
88 creatures vanquished.

Notes
Turn   | Place    | Note
-------+----------+-------------------------------------------
     0 | D:1      | grindst0ne the Deep Dwarf Artificer began the quest for the Orb.
     0 | D:1      | Reached XP level 1. HP: 16/16 MP: 3/3
    49 | D:1      | Reached skill level 1 in Fighting
   178 | D:1      | Reached XP level 2. HP: 22/25 MP: 5/5
  1135 | D:2      | Reached XP level 3. HP: 31/32 MP: 5/5
  1195 | D:2      | Reached skill level 5 in Evocations
  1298 | D:2      | Noticed Terence
  1351 | D:2      | Killed Terence
  1465 | D:2      | Noticed Jessica
  1470 | D:2      | Killed Jessica
  1470 | D:2      | Reached XP level 4. HP: 15/40 MP: 7/7
  1903 | D:3      | Found a stormy altar of Qazlal.
  1998 | D:3      | Noticed Ijyb
  2027 | D:3      | Killed Ijyb
  2027 | D:3      | Reached skill level 6 in Evocations
  2027 | D:3      | Reached XP level 5. HP: 35/49 MP: 0/8
  2681 | D:4      | Found Meexudusadd's Antique Weapon Boutique.
  2717 | D:4      | Reached XP level 6. HP: 35/57 MP: 0/9
  2724 | D:4      | Reached skill level 7 in Evocations
  2876 | D:4      | Noticed Duvessa
  2877 | D:4      | Noticed Dowan
  2937 | D:4      | Killed Duvessa
  2970 | D:4      | Killed from afar by Dowan

Vault maps used:
D:1:      dpeg_arrival_renting, minmay_misc_feat_ornament
D:2:      uniq_jessica, uniq_terence
D:3:      grunt_qazlal_clouds, uniq_ijyb
D:4:      lemuel_crystal_altar, serial_shops, nicolae_shop_overgrown_old_shop,
          first_ration, uniq_duvessa

Skill      XL: |  1  2  3  4  5  6 |
---------------+-------------------+-----
Fighting       | 1 2 3 4 |  4.5
Evocations     | 5 6 7 |  7.7
Short Blades   | |  0.8
Dodging        | |  2.1
Stealth        | |  1.2

Action                   |  1- 3 |  4- 6 || total
-------------------------+-------+-------++-------
Melee: Mace              |    62 |   218 ||   280
       Dagger            |   132 |       ||   132
 Abil: Heal Wounds       |     1 |     4 ||     5
Evoke: Wand              |     1 |     8 ||     9
  Use: Scroll            |     3 |     3 ||     6
 Stab: Sleeping          |     1 |       ||     1
  Eat: Chunk             |     2 |     5 ||     7
Armor: Leather armour    |    23 |       ||    23
       Ring mail         |    22 |       ||    22
       Scale mail        |    15 |   149 ||   164
Dodge: Dodged            |   110 |   164 ||   274

Table legend:
 A = Spawn XP
 B = Non-spawn XP
 C = Spawn XP percentage of total XP
 D = Spawn monster count
 E = Non-spawn monster count
 F = Spawn count percentage of total count
 G = Total turns spent on level
                    A         B        C        D         E        F      G
               +---------+---------+-------+---------+---------+-------+---------
         Total |       0 |     655 |   0.0 |       0 |      88 |   0.0 |  2970
               +---------+---------+-------+---------+---------+-------+---------
           D:1 |       0 |      33 |   0.0 |       0 |      22 |   0.0 |  1090
           D:2 |       0 |     119 |   0.0 |       0 |      22 |   0.0 |   792
           D:3 |       0 |     194 |   0.0 |       0 |      34 |   0.0 |   769
           D:4 |       0 |     309 |   0.0 |       0 |      10 |   0.0 |   319
               +---------+---------+-------+---------+---------+-------+---------
